General information
- name: BNet
- type: Ladder 1vs1/FFA
- host: Battle.net
- saver: Torgo(Easy)
map: GnollWood
- players: 2
- length: 81:05
- speed: Fast
- version: 1.24 W3XP
- replay type: Public
» download(166 KB)
Players
team 1 (winner)
Torgo(Easy) (
pink | 43 APM | 3512 actions | 81:05)
5 Blademaster
3 Wind Walk
2 Critical Strike
5 Pandaren Brewmaster
3 Breath of Fire
2 Drunken Haze
» actions
| Assign group hotkey | 25 | |
| Basic commands | 63 | |
| Build / train | 105 | |
| ESC pressed | 13 | |
| Enter build submenu | 251 | |
| Enter hero's abilities submenu | 11 | |
| Give item / drop item | 22 | |
| Remove unit from queue | 1 | |
| Right click | 1134 | |
| Select / deselect | 502 | |
| Select group hotkey | 929 | |
| Use ability | 455 | |
3512 total
» units
| Peon | 36 | |
| Troll Batrider | 12 | |
| Wind Rider | 4 | |
| Troll Witch Doctor | 2 | |
54 total
» upgrades
| Ranged Weapons | 3 | |
| Liquid Fire | 1 | |
| Witch Doctor Training | 2 | |
| Reinforced Defenses | 1 | |
| Envenomed Spears | 1 | |
| Armor | 1 | |
| Shaman Training | 2 | |
| Spiked Barricades | 3 | |
| Spirit Walker Training | 1 | |
15 total
» buildings
| Altar of Storms | 1 | |
| Orc Burrow | 9 | |
| Voodoo Lounge | 1 | |
| War Mill | 5 | |
| Watch Tower | 270 | |
| Stronghold | 1 | |
| Beastiary | 2 | |
| Fortress | 1 | |
| Great Hall | 6 | |
| Spirit Lodge | 2 | |
298 total
» build order
00:02 Altar of Storms
00:09 Orc Burrow
00:26 Voodoo Lounge
01:20 War Mill
02:00 Orc Burrow
02:40 Watch Tower
02:44 Watch Tower
03:50 Watch Tower
04:40 Stronghold
04:52 Watch Tower
05:16 Watch Tower
05:19 Watch Tower
06:40 Watch Tower
06:41 Watch Tower
07:02 Orc Burrow
07:06 Orc Burrow
07:25 Beastiary
07:38 Watch Tower
08:53 Beastiary
09:09 Watch Tower
09:14 Watch Tower
10:02 Fortress
12:56 Great Hall
12:58 Watch Tower
12:58 Watch Tower
12:59 Watch Tower
12:59 Watch Tower
13:51 Watch Tower
13:53 Watch Tower
14:04 Watch Tower
14:19 Watch Tower
14:48 Watch Tower
15:37 Orc Burrow
16:09 Watch Tower
16:12 Watch Tower
24:01 Spirit Lodge
24:57 Spirit Lodge
25:19 Great Hall
25:33 Great Hall
26:13 Great Hall
26:17 Orc Burrow
27:25 Great Hall
29:56 Great Hall
32:05 Watch Tower
32:13 Watch Tower
32:27 Orc Burrow
33:03 Orc Burrow
33:05 Watch Tower
33:05 Watch Tower
33:06 Watch Tower
35:54 Watch Tower
35:55 Watch Tower
35:56 Watch Tower
44:51 Watch Tower
44:53 Watch Tower
44:54 Watch Tower
44:57 Watch Tower
44:58 Watch Tower
44:59 Watch Tower
45:02 Watch Tower
45:03 Watch Tower
45:04 Watch Tower
45:07 Watch Tower
45:09 Watch Tower
45:10 Watch Tower
45:12 Watch Tower
45:13 Watch Tower
45:15 Watch Tower
45:15 Watch Tower
45:17 Watch Tower
47:13 Watch Tower
47:16 Watch Tower
47:17 Watch Tower
47:28 Watch Tower
47:30 Watch Tower
47:31 Watch Tower
47:32 Watch Tower
47:41 War Mill
47:47 Watch Tower
47:48 Watch Tower
47:49 Watch Tower
47:51 Watch Tower
47:56 Watch Tower
48:33 Watch Tower
48:35 Watch Tower
48:42 Watch Tower
49:20 Watch Tower
49:24 Watch Tower
49:28 Watch Tower
49:41 Watch Tower
49:42 Watch Tower
50:34 Orc Burrow
50:40 Watch Tower
50:43 Watch Tower
50:53 Watch Tower
50:56 Watch Tower
51:11 Watch Tower
51:49 Watch Tower
51:51 Watch Tower
51:52 Watch Tower
51:57 Watch Tower
52:01 Watch Tower
52:11 Watch Tower
52:21 Watch Tower
53:02 Watch Tower
53:04 Watch Tower
53:05 Watch Tower
53:07 Watch Tower
53:23 War Mill
53:31 Watch Tower
53:44 Watch Tower
53:47 Watch Tower
53:54 Watch Tower
54:12 Watch Tower
54:18 Watch Tower
55:51 Watch Tower
55:52 Watch Tower
56:00 Watch Tower
56:02 Watch Tower
56:03 Watch Tower
56:06 Watch Tower
56:09 Watch Tower
56:10 Watch Tower
56:12 Watch Tower
56:13 Watch Tower
56:15 Watch Tower
56:18 Watch Tower
56:19 Watch Tower
56:20 Watch Tower
56:35 Watch Tower
56:36 Watch Tower
56:46 Watch Tower
57:19 Watch Tower
57:20 Watch Tower
57:23 Watch Tower
57:25 Watch Tower
58:12 Watch Tower
58:14 Watch Tower
60:08 Watch Tower
60:12 Watch Tower
60:14 Watch Tower
60:16 Watch Tower
60:17 Watch Tower
60:18 Watch Tower
60:20 Watch Tower
60:27 Watch Tower
60:28 Watch Tower
60:29 Watch Tower
60:31 Watch Tower
60:34 Watch Tower
60:36 Watch Tower
60:44 Watch Tower
60:46 Watch Tower
61:46 War Mill
62:49 Watch Tower
62:56 Watch Tower
62:57 Watch Tower
63:02 Watch Tower
63:11 Watch Tower
63:12 Watch Tower
63:22 Watch Tower
63:25 Watch Tower
63:26 Watch Tower
63:28 Watch Tower
63:38 Watch Tower
63:40 Watch Tower
63:42 Watch Tower
63:43 Watch Tower
63:47 Watch Tower
63:48 Watch Tower
63:50 Watch Tower
63:52 Watch Tower
64:02 Watch Tower
64:27 Watch Tower
64:29 Watch Tower
65:11 Watch Tower
65:12 Watch Tower
65:19 Watch Tower
65:21 Watch Tower
65:26 Watch Tower
65:29 Watch Tower
65:30 Watch Tower
65:31 Watch Tower
65:33 Watch Tower
65:43 Watch Tower
65:44 Watch Tower
65:48 Watch Tower
65:51 Watch Tower
66:05 Watch Tower
66:08 Watch Tower
66:14 Watch Tower
66:16 Watch Tower
66:21 Watch Tower
66:23 Watch Tower
66:32 Watch Tower
66:33 Watch Tower
66:36 Watch Tower
66:38 Watch Tower
66:47 Watch Tower
66:48 Watch Tower
66:54 Watch Tower
66:59 Watch Tower
67:07 Watch Tower
67:14 Watch Tower
67:16 Watch Tower
67:18 Watch Tower
67:19 Watch Tower
67:31 Watch Tower
67:36 Watch Tower
68:04 Watch Tower
68:08 Watch Tower
68:11 Watch Tower
68:16 Watch Tower
68:19 Watch Tower
68:20 Watch Tower
69:38 Watch Tower
70:11 Watch Tower
70:12 Watch Tower
70:17 Watch Tower
70:29 Watch Tower
70:37 Watch Tower
72:06 Watch Tower
72:07 Watch Tower
72:08 Watch Tower
72:09 Watch Tower
72:10 Watch Tower
72:15 Watch Tower
72:20 Watch Tower
72:22 Watch Tower
72:24 Watch Tower
72:26 Watch Tower
72:28 Watch Tower
72:33 Watch Tower
72:34 Watch Tower
72:35 Watch Tower
72:37 Watch Tower
72:43 Watch Tower
72:45 Watch Tower
72:46 Watch Tower
72:47 Watch Tower
73:12 Watch Tower
73:13 Watch Tower
73:19 Watch Tower
73:21 Watch Tower
73:25 Watch Tower
73:26 Watch Tower
73:37 Watch Tower
73:38 Watch Tower
73:40 Watch Tower
73:41 Watch Tower
73:44 Watch Tower
73:57 Watch Tower
73:58 Watch Tower
74:09 Watch Tower
74:13 Watch Tower
74:15 Watch Tower
74:16 Watch Tower
74:59 Watch Tower
75:00 Watch Tower
75:01 Watch Tower
75:02 Watch Tower
75:05 Watch Tower
75:06 Watch Tower
75:13 Watch Tower
75:14 Watch Tower
75:16 Watch Tower
75:17 Watch Tower
75:18 Watch Tower
75:19 Watch Tower
75:20 Watch Tower
76:16 Watch Tower
76:17 Watch Tower
76:19 Watch Tower
76:20 Watch Tower
76:51 Watch Tower
76:52 Watch Tower
76:58 Watch Tower
77:00 Watch Tower
77:01 Watch Tower
77:04 Watch Tower
77:28 War Mill
77:42 Watch Tower
77:43 Watch Tower
77:46 Watch Tower
77:48 Watch Tower
77:50 Watch Tower
77:51 Watch Tower
77:55 Watch Tower
77:57 Watch Tower
79:08 Watch Tower
79:29 Watch Tower
79:45 Watch Tower
79:46 Watch Tower
79:47 Watch Tower
79:49 Watch Tower
79:51 Watch Tower
79:52 Watch Tower
80:04 Watch Tower
» items
| Healing Salve | 5 | |
| Lesser Clarity Potion | 5 | |
| Boots of Speed | 2 | |
| Periapt of Vitality | 1 | |
| Potion of Mana | 1 | |
| Potion of Healing | 2 | |
| Orb of Lightning | 1 | |
| Tiny Great Hall | 3 | |
20 total
team 2 (loser)

»
Crusades (
green | 13 APM | 1051 actions | 80:30)
3 Blademaster
1 Wind Walk
2 Critical Strike
» actions
| Assign group hotkey | 23 | |
| Basic commands | 52 | |
| Build / train | 50 | |
| Enter build submenu | 20 | |
| Enter hero's abilities submenu | 3 | |
| Give item / drop item | 2 | |
| Remove unit from queue | 1 | |
| Right click | 372 | |
| Select / deselect | 218 | |
| Select group hotkey | 254 | |
| Use ability | 48 | |
1051 total
» units
| Peon | 13 | |
| Grunt | 3 | |
| Wind Rider | 2 | |
| Demolisher | 3 | |
| Raider | 1 | |
| Tauren | 2 | |
24 total
» upgrades
» buildings
| Altar of Storms | 2 | |
| Orc Burrow | 6 | |
| Barracks | 1 | |
| Stronghold | 5 | |
| Voodoo Lounge | 1 | |
| Fortress | 3 | |
| Beastiary | 1 | |
| War Mill | 1 | |
| Tauren Totem | 2 | |
22 total
» build order
00:07 Altar of Storms
00:13 Orc Burrow
00:29 Barracks
01:45 Orc Burrow
02:50 Stronghold
02:50 Stronghold
02:50 Stronghold
04:47 Voodoo Lounge
05:11 Fortress
05:11 Fortress
05:18 Beastiary
05:30 War Mill
07:19 Orc Burrow
07:52 Orc Burrow
08:10 Tauren Totem
08:14 Tauren Totem
08:58 Orc Burrow
10:12 Orc Burrow
78:37 Altar of Storms
» items
| Healing Salve | 2 | |
| Lesser Clarity Potion | 1 | |
| Scroll of Healing | 4 | |
| Potion of Lesser Invulnerability | 1 | |
| Orb of Lightning | 1 | |
| Dust of Appearance | 1 | |
10 total
Chat log
(13:42 / All) Crusades: man I hate towers
(13:57 / All) Crusades: instead of building units so we could fight, you build towers
(13:58 / All) Crusades: ...
(14:05 / All) Torgo(Easy): they do fight
(14:07 / All) Torgo(Easy): they just dont move
(14:12 / All) Torgo(Easy): should make it easy for you
(14:16 / All) Crusades: you make them so you don't have to do anything with them
(14:23 / All) Crusades: no, you play very defensive
(14:27 / All) Torgo(Easy): on the contrary i hotkey them and select targets
(14:30 / All) Crusades: and basically wait out my patience
(14:30 / All) Torgo(Easy): sorry if you dont like it
(14:37 / All) Crusades: I'm not mad at you
(14:43 / All) Crusades: you just d up your base
(14:44 / All) Torgo(Easy): you sound as if you are
(14:48 / All) Crusades: and force me to be aggressive
(14:54 / All) Crusades: I am mad, but not at you.
(14:57 / All) Crusades: no point in bieng mad at you.
(15:05 / All) Torgo(Easy): why not
(15:05 / All) Crusades: just not much strategy involved
(15:06 / All) Torgo(Easy): just let it out
(15:12 / All) Crusades: ...
(15:22 / All) Crusades: are you 99% of the users here or what?
(15:24 / All) Crusades: afk enjoy
(15:28 / All) Torgo(Easy): :)
(22:16 / All) Torgo(Easy): when you come back...
(22:30 / All) Torgo(Easy): i saved you a burrow and a peon
(78:00 / All) Crusades: And I"m back ;)
(78:02 / All) Torgo(Easy): hooray
(78:06 / All) Torgo(Easy): i left 3 mines for ya
(78:10 / All) Crusades: Watched the new White Collar Episode
(78:13 / All) Torgo(Easy): how was it
(78:16 / All) Torgo(Easy): word.
(78:20 / All) Crusades: So man
(78:20 / All) Torgo(Easy): bot 3 mines are open
(78:28 / All) Crusades: heh
(78:30 / All) Torgo(Easy): you need only build an altar
(78:31 / All) Crusades: You know you won right?
(78:35 / All) Torgo(Easy): nah
(78:45 / All) Crusades: alright, why not? :)
(78:50 / All) Crusades: altar now
(78:54 / All) Torgo(Easy): well i mean...your base fell only moments after you left thanks to the batriders that were waiting for your attack
(78:55 / All) Torgo(Easy): but
(79:03 / All) Torgo(Easy): yeah who cares amirite
(79:09 / All) Crusades: pretty much
(79:14 / All) Crusades: I just needed to cool off
(79:19 / All) Torgo(Easy): tho i wouldnt try to use the mid fountain
(79:24 / All) Crusades: was getting pissed like a child lol
(79:27 / All) Crusades: lol
(79:35 / All) Torgo(Easy): yeah...thats what dota is for ;)
(79:56 / All) Crusades: 100 food army?
(80:01 / All) Torgo(Easy): 2 heroes
(80:08 / All) Torgo(Easy): im stillat 0 upkeep
(80:12 / All) Crusades: heh nice
(80:18 / All) Torgo(Easy): tho i have 40 peons workin hard
(80:24 / All) Crusades: slave labor imo
(80:36 / All) Torgo(Easy): you know what
(80:39 / All) Torgo(Easy): imma finish it
(80:45 / All) Torgo(Easy): no wait
(80:46 / All) Torgo(Easy): im not
(80:59 / All) Torgo(Easy): tower # doesnt count after the opponent leaves
(81:03 / All) Torgo(Easy): lets see how many that is